 Dungeon Crawl Stone Soup version 0.32-a0-768-g0f6f1dd4b9 (webtiles) character file.

Game seed: 6886356160888041186

239 lunkers the Chopper (level 6, -4/47 HPs)
             Began as a Coglin Berserker on Mar 18, 2024.
             Was a Believer of Trog.
             Slain by Grinder (5 damage)
             ... on level 3 of the Dungeon.
             The game lasted 00:02:55 (2136 turns).

lunkers the Chopper (Coglin Berserker)              Turns: 2136, Time: 00:02:55

Health: -4/47      AC: 11    Str: 20    XL:     6   Next: 7%
Magic:  6/6        EV: 10    Int:  6    God:    Trog [**....]
Gold:   95         SH:  0    Dex: 13    Spells: 5/5 levels left

rFire   . . .        a - +0 hand axe {Fritz}
rCold   + . .        g - +1 dagger (venom) {Frauke}
rNeg    . . .        e - +2 ring mail {rC+}
rPois   .            (no helmet)
rElec   .            i - +2 cloak {rCorr}
rCorr   +            h - +0 pair of gloves
SInv    .            (no boots)
Will    ++...        (amulet unavailable)
Stlth   +            (ring unavailable)
HPRegen 1.27/turn    (ring unavailable)
MPRegen 0.10/turn    (no gizmo)

%: no passive effects
@: strong-willed, on berserk cooldown, regenerating, slowed, revved, very slow
A: off-hand wielding, slow wielding, warmup strikes, no jewellery
a: Invent Gizmo, Renounce Religion, Berserk, Trog's Hand


You were on level 3 of the Dungeon.
You worshipped Trog.
Trog was pleased with you.
You visited 1 branch of the dungeon, and saw 3 of its levels.

You collected 95 gold pieces.

Inventory:

Hand Weapons
 a - a +0 hand axe (weapon) {Fritz}
 c - a +0 dagger {Akal}
 f - a +0 short sword of holy wrath
 g - a +1 dagger of venom (offhand) {Frauke}
Armour
 e - a +2 ring mail of cold resistance (worn)
 h - a +0 pair of gloves (worn)
 i - a +2 cloak of preservation (worn)
Potions
 b - a potion of ambrosia {unknown}
 d - a potion of berserk rage
 k - a potion of lignification {unknown}


   Skills:
 - Level 3.0 Fighting
 + Level 6.6 Axes
 - Level 1.7 Armour
 - Level 1.7 Dodging


You had 5 spell levels left.
You didn't know any spells.
Your spell library was empty.

Dungeon Overview and Level Annotations

Branches:
Dungeon (3/15)

Altars:

Annotations:
D:3 Grinder


Innate Abilities, Weirdness & Mutations

You can wield a second weapon in your off-hand.
It takes a long time for you to wield or remove held weapons.
Your first few attacks do less damage.
You cannot equip rings or amulets.


Message History

You feel yourself slow down.
You hit Grinder but do no damage.
You closely miss Grinder with your +1 dagger of venom.
Grinder gestures at you. Pain shoots through your body!
* * * LOW HITPOINT WARNING * * *
Grinder gestures at you. Pain shoots through your body!
* * * LOW HITPOINT WARNING * * *
Unknown command.
Unknown command.
Your skin crawls.
You feel strong-willed. Grinder hits you.
* * * LOW HITPOINT WARNING * * *
You writhe in agony.
* * * LOW HITPOINT WARNING * * *
You hit Grinder with your +1 dagger of venom.
Grinder is lightly wounded.
You hit Grinder but do no damage. Grinder hits you.
* * * LOW HITPOINT WARNING * * *
You writhe in agony.
* * * LOW HITPOINT WARNING * * *
Grinder barely misses you.
You barely miss Grinder with your +0 hand axe.
Grinder is lightly wounded.
You closely miss Grinder with your +1 dagger of venom.
Grinder hits you.
* * * LOW HITPOINT WARNING * * *
You writhe in agony.
* * * LOW HITPOINT WARNING * * *
Okay, then.
You hit Grinder with your +0 hand axe.
Grinder is lightly wounded.
You hit Grinder with your +1 dagger of venom.
Grinder hits you!
* * * LOW HITPOINT WARNING * * *
You writhe in agony.
You die...
Grinder sighs, "Dead already?
I want a refund."

.... .... #.
..... #. ... #
... #.### #.5.#
..### #@#
#.....## #.##
....... #..#.
#...#.#.. ##.#.
#...#.#.. #?#.
#...#.#.#
#.#.###...#)#.#
#.#.....<...#.#
#.##.........(###
#..#.............


You could see Grinder.

Vanquished Creatures
  A bombardier beetle (D:3)
  Natasha (thrice) (D:2)
  An orc wizard (D:3)
  4 adders
  4 dart slugs
  2 ribbon worms (D:2)
  8 orcs
  6 endoplasms
  A giant cockroach (D:1)
  4 goblins
  4 hobgoblins
  3 quokkas
  2 ball pythons (D:2)
  A bat (D:1)
  A frilled lizard (D:1)
  5 kobolds
  6 rats
56 creatures vanquished.

Notes
Turn   | Place    | Note
-------+----------+-------------------------------------------
     0 | D:1      | lunkers the Coglin Berserker began the quest for the Orb.
     0 | D:1      | Reached XP level 1. HP: 18/18 MP: 1/1
   230 | D:1      | Reached XP level 2. HP: 24/24 MP: 2/2
   329 | D:1      | Reached skill level 4 in Axes
   441 | D:1      | Reached XP level 3. HP: 25/29 MP: 3/3
   972 | D:2      | Reached ** piety under Trog
  1417 | D:2      | Noticed Natasha
  1419 | D:2      | Reached XP level 4. HP: 33/35 MP: 4/4
  1443 | D:2      | Killed Natasha
  1444 | D:2      | Reached skill level 5 in Axes
  1475 | D:2      | Noticed Natasha
  1482 | D:2      | Killed Natasha
  1483 | D:2      | Reached XP level 5. HP: 41/41 MP: 5/5
  1642 | D:2      | Noticed Natasha
  1652 | D:2      | Killed Natasha
  1906 | D:3      | Reached skill level 6 in Axes
  2054 | D:3      | Reached XP level 6. HP: 46/47 MP: 6/6
  2118 | D:3      | Noticed Grinder
  2121 | D:3      | Paralysed by Grinder for 5 turns
  2136 | D:3      | HP: 1/47 [Grinder (7)]
  2136 | D:3      | Slain by Grinder

Illustrated notes

Levels and vault maps discovered:
D:1:      dpeg_arrival_brainrot, layout_basic, patterned_corridor
D:2:      layout_basic, uniq_natasha
D:3:      layout_basic, old_standard_altar, gammafunk_ghost_stat_death,
          uniq_grinder

Skill      XL: |  1  2  3  4  5 |
---------------+----------------+-----
Axes           | 4 5 6 |  6.6
Fighting       | |  3.0
Armour         | |  1.7
Dodging        | |  1.7

Action                     |  1- 3 |  4- 6 || total
---------------------------+-------+-------++-------
  Melee: Dagger            |    67 |    78 ||   145
         Hand axe          |    63 |    75 ||   138
 Invoke: Berserk           |       |     1 ||     1
         Trog's Hand       |       |     1 ||     1
    Use: Scroll            |       |     2 ||     2
   Stab: Sleeping          |     1 |       ||     1
 Armour: Ring mail         |    49 |    66 ||   115
  Dodge: Dodged            |    39 |    31 ||    70

Table legend: (Time is in decaauts)
 A = Elapsed time spent in this place.
 B = Non-inter-level travel time spent in this place.
 C = Inter-level travel time spent in this place.
 D = Time resting spent in this place.
 E = Time spent auto-exploring this place.
 F = Levels seen in this place.
 G = Mean time per level.
                   A        B        C        D        E       F      G
               +--------+--------+--------+--------+--------+-----+--------+
         Total |   2141 |   2072 |     69 |      0 |   1652 |   3 |  713.7 |
       Dungeon |   2141 |   2072 |     69 |      0 |   1652 |   3 |  713.7 |
               +--------+--------+--------+--------+--------+-----+--------+

Top non-repeatable levels by time:
     D:2: 1019 daAuts
     D:1: 859 daAuts
     D:3: 262 daAuts
